 Dungeon Crawl Stone Soup version 0.31-a0-978-g1e143483b6 (webtiles) character file.

Game seed: 16388153693032704634

154 Dordric the Ruffian (level 5, -1/40 HPs)
             Began as a Draconian Shapeshifter on Oct 30, 2023.
             Was an Initiate of Ru.
             Slain by an ogre
             ... wielding a +0 giant spiked club
              (12 damage)
             ... on level 4 of the Dungeon.
             The game lasted 00:04:42 (2108 turns).

Dordric the Ruffian (Draconian Shapeshifter)        Turns: 2108, Time: 00:04:43

Health: -1/40      AC:  5    Str: 18    XL:     5   Next: 13%
Magic:  14/14      EV: 12    Int: 10    God:    Ru [......]
Gold:   133        SH:  5    Dex: 11    Spells: 4/4 levels left

rFire   . .          .
                       - Unarmed
rCold   . . .        (no shield)
rNeg    . . .        (body armour unavailable)
rPois   .            (helmet currently unavailable)
rElec   .            (cloak currently unavailable)
rCorr   .            (gloves currently unavailable)
SInv    .            (boots currently unavailable)
Will    .....        n - amulet of reflection
Stlth   +            k - ring of magical power
HPRegen 0.26/turn    (no ring)
MPRegen 0.14/turn

%: reflection
@: beast-form
A: beast (slay +1), AC +5, unfitting armour, cold-blooded
a: Begin Untransformation, Renounce Religion


You were on level 4 of the Dungeon.
You worshipped Ru.
Ru was noncommittal.
You were a hulking beast.
You visited 2 branches of the dungeon, and saw 5 of its levels.

You collected 133 gold pieces.

Inventory:

Hand Weapons
 r - a +1 dagger of venom
Jewellery
 k - a ring of magical power (left hand)
 n - an amulet of reflection (around neck)
Talismans
 b - a beast talisman
 c - a flux talisman
 g - a maw talisman
Scrolls
 e - 2 scrolls of teleportation {unknown}
 f - 2 scrolls of noise {unknown}
 j - 9 scrolls of identify {unknown}
 m - a scroll of revelation {unknown}
 p - a scroll of amnesia {unknown}
 q - a scroll of fear {unknown}
 s - a scroll of immolation {unknown}
Potions
 a - a potion of lignification
 d - a potion of cancellation {unknown}
 h - 4 potions of mutation {unknown}
 i - a potion of attraction {unknown}
 l - a potion of might {unknown}
 o - a potion of heal wounds {unknown}


   Skills:
 - Level 1.1 Fighting
 - Level 1.7 Dodging
 + Level 5.9 Unarmed Combat
 - Level 3.0 Shapeshifting


You had 4 spell levels left.
You didn't know any spells.
Your spell library contained the following spells:

 Spells                   Type           Power      Damage    Failure   Level
 Inner Flame              Hex/Fire       0%         N/A       75%         3
 Stone Arrow              Conj/Erth      0%         3d7       75%         3
 Yara's Violent Unravell  Hex/Tmut       0%         3d3       100%        5
 Enfeeble                 Hex            0%         N/A       100%        7
 Lehudib's Crystal Spear  Conj/Erth      0%         10d2      100%        8
 Animate Armour           Summ/Erth      Unusable   N/A       N/A         4

Dungeon Overview and Level Annotations

Branches:
Dungeon (4/15)             Temple (1/1) D:4

Altars:
Ashenzari
Elyvilon
Fedhas
Gozag
Kikubaaqudgha
Makhleb
Okawaru
Qazlal
Ru
Trog
Uskayaw
Vehumet
Wu Jian
Yredelemnul
Zin

Shops:
D:4 *


Innate Abilities, Weirdness & Mutations

You are a hulking beast.
Your limbs bulge with bestial killing power. (Slay +1)
Your plain brown scales are hard. (AC +5)
You cannot fit into any form of body armour.
You are cold-blooded and may be slowed by cold attacks.


Message History

There is an open door here.
There is an ornate altar of the Wu Jian Council here.
You kneel at the altar of Wu Jian.
There is an open door here.
You open the door.
Found a sacrificial altar of Ru.
There is an open door here.
You open the door.
Found a basalt altar of Yredelemnul.
There is an open door here.
There is an open door here.
There is a sacrificial altar of Ru here.
You kneel at the altar of Ru.
Ru welcomes you!
There is an open door here.
There is an open door here.
There is a staircase back to the Dungeon here.
You climb upwards.
Welcome back to the Dungeon!
There is a staircase to the Ecumenical Temple here.
h - 4 dark potions (gained 1)
Found a blossoming altar of Fedhas.
Found 8 stones.
An ogre comes into view. It is wielding a +0 giant spiked club.
Found an escape hatch in the floor.
You see here 17 gold pieces.
You block the ogre's attack.
You barely miss the ogre. The ogre closely misses you.
You hit the ogre.
Your tail-slap misses the ogre.
The ogre is lightly wounded.
You hit the ogre.
The ogre is lightly wounded.
The ogre hits you with a +0 giant spiked club!!
Ouch! That really hurt!
* * * LOW HITPOINT WARNING * * *
You barely miss the ogre.
The ogre is lightly wounded.
You hit the ogre. You tail-slap the ogre.
The ogre is heavily wounded.
The ogre hits you with a +0 giant spiked club!
You die...

#.. #.# ### #.# ..# ...
.# #.# # #.# #### .# #.#
#.#.# #..# .# #.#
#.#O### #..# #.###.#
#..h..# #..# #.##...
##.P.P.# #..# #<##...
##..._$.###..###......
.....(P.P...............
####......####.##.#...>.
##...######.##.......
#[... .........###..
#..## #######.## #.⌠ #..
#.####..


You could see an ogre.

Vanquished Creatures
  An orc wizard (D:4)
  4 adders
  3 worms
  4 dart slugs
  7 orcs
  8 bats
  5 endoplasms
  2 giant cockroaches (D:2)
  3 goblins
  3 hobgoblins
  3 jackals (D:2)
  2 quokkas
  3 ball pythons
  2 frilled lizards
  7 kobolds
  13 rats
70 creatures vanquished.

Notes
Turn   | Place    | Note
-------+----------+-------------------------------------------
     0 | D:1      | Dordric the Draconian Shapeshifter began the quest for the
                  | Orb.
     0 | D:1      | Reached XP level 1. HP: 16/16 MP: 1/1
   122 | D:1      | Reached XP level 2. HP: 23/23 MP: 2/2
   476 | D:1      | Reached skill level 4 in Unarmed Combat
   772 | D:2      | Reached XP level 3. HP: 25/28 MP: 3/3
  1398 | D:3      | Reached XP level 4. HP: 35/35 MP: 4/4
  1417 | D:3      | Reached skill level 5 in Unarmed Combat
  1759 | D:4      | Found Zin's Purification Station.
  1764 | D:4      | Found a glowing silver altar of Zin.
  1796 | D:4      | Found a staircase to the Ecumenical Temple.
  1807 | D:4      | Reached XP level 5. HP: 28/40 MP: 5/5
  1901 | Temple   | Entered the Ecumenical Temple
  2039 | Temple   | Became a worshipper of Ru the Awakened
  2095 | D:4      | Found a blossoming altar of Fedhas.
  2100 | D:4      | Noticed an ogre
  2108 | D:4      | Slain by an ogre

Illustrated notes

Levels and vault maps discovered:
D:1:      dpeg_arrival_central, layout_basic, minivault_19,
          kennysheep_another_room
D:2:      layout_rooms, hangedman_abyss_or_decor_stabs, minmay_diced_spiral
D:3:      layout_rooms
D:4:      layout_loops_ring, fedhas_altar_1, kennysheep_little_box, zin_purify,
          minmay_temple_entry_junction, serial_shops, shop_statue,
          kennysheep_small_spiral, uniq_sigmund
Temple:   nicolae_temple_figure_eight

Skill      XL: |  1  2  3  4 |
---------------+-------------+-----
Unarmed Combat | 4 5 |  5.9
Fighting       | |  1.1
Dodging        | |  1.7
Shapeshifting  | |  3.0

Action                     |  1- 3 |  4- 6 || total
---------------------------+-------+-------++-------
  Melee: Unarmed           |   111 |    50 ||   161
         Punch             |     2 |     3 ||     5
         Tailslap          |    15 |     8 ||    23
         Dagger            |       |    11 ||    11
 Armour: Skin              |    47 |    20 ||    67
  Dodge: Dodged            |    69 |    21 ||    90
  Block: Other             |     3 |    12 ||    15

Table legend: (Time is in decaauts)
 A = Elapsed time spent in this place.
 B = Non-inter-level travel time spent in this place.
 C = Inter-level travel time spent in this place.
 D = Time resting spent in this place.
 E = Time spent auto-exploring this place.
 F = Levels seen in this place.
 G = Mean time per level.
                   A        B        C        D        E       F      G
               +--------+--------+--------+--------+--------+-----+--------+
         Total |   2095 |   1996 |     99 |      0 |   1463 |   5 |  419.0 |
       Dungeon |   1920 |   1853 |     67 |      0 |   1463 |   4 |  480.0 |
        Temple |    174 |    143 |     31 |      0 |      0 |   1 |  174.0 |
               +--------+--------+--------+--------+--------+-----+--------+

Top non-repeatable levels by time:
     D:1: 660 daAuts
     D:2: 619 daAuts
     D:3: 458 daAuts
     D:4: 182 daAuts
  Temple: 174 daAuts
